 Dungeon Crawl Stone Soup version 0.23.2-1-ga50397a (webtiles) character file.

Game seed: 8130563141194466933

168 whitewolfNL the Skirmisher (level 5, -3/47 HPs)
             Began as a Minotaur Berserker on May 15, 2019.
             Was a Believer of Trog.
             Slain by Sigmund
             ... wielding a +0 scythe
              (8 damage)
             ... on level 2 of the Dungeon.
             The game lasted 00:05:34 (1093 turns).

whitewolfNL the Skirmisher (Minotaur Berserker)     Turns: 1093, Time: 00:05:35

Health: -3/47      AC:  7    Str: 21    XL:     5   Next: 24%
Magic:  4/4        EV: 11    Int:  4    God:    Trog [**....]
Gold:   52         SH:  0    Dex: 11    Spells: 4/4 levels left

rFire    . . .     SeeInvis .   a - +0 mace
rCold    . . .     Gourm    .   (no shield)
rNeg     . . .     Faith    .   n - +0 scale mail
rPois    .         Spirit   .   k - +1 hat
rElec    .         Reflect  .   (no cloak)
rCorr    .         Harm     .   (no gloves)
MR       .....                  (no boots)
Stlth    ..........             (no amulet)
HPRegen  0.15/turn              (no ring)
MPRegen  0.09/turn              (no ring)

@: berserk cooldown, slowed, very slow
A: retaliatory headbutt, horns 2
a: Berserk, Trog's Hand, Renounce Religion


You were on level 2 of the Dungeon.
You worshipped Trog.
Trog was pleased with you.
You were very hungry.

You visited 1 branch of the dungeon, and saw 2 of its levels.

You collected 52 gold pieces.

Inventory:

Hand Weapons
 a - a +0 mace (weapon)
Missiles
 e - 18 bolts
 f - 31 arrows
 m - 38 stones (quivered)
Armour
 k - a +1 hat (worn)
 n - a +0 scale mail (worn)
Scrolls
 b - a scroll of random uselessness {unknown}
 g - 2 scrolls of blinking {unknown}
 l - a scroll of immolation {unknown}
Potions
 i - 2 potions of berserk rage {unknown}
 j - a potion of might {unknown}
Comestibles
 c - a ration
 d - 7 chunks of flesh


   Skills:
 + Level 4.7 Fighting
 + Level 4.6 Maces & Flails
 - Level 1.0 Throwing
 + Level 3.6 Armour
 + Level 3.3 Dodging
 - Level 1.0 Stealth


You had 4 spell levels left.
You didn't know any spells.
Your spell library was empty.

Dungeon Overview and Level Annotations

Branches:
Dungeon (2/15)

Altars:

Annotations:
D:2 Sigmund


Innate Abilities, Weirdness & Mutations

You reflexively headbutt those who attack you in melee.
You have a pair of horns on your head.


Message History

Sigmund hits you but does no damage. The adder closely misses you.
You barely miss the adder.
The adder is severely wounded.
The adder bites you.
* * * LOW HITPOINT WARNING * * *
Sigmund closely misses you. The adder closely misses you.
Sigmund closely misses you.
You hit the adder.
You kill the adder!
Trog accepts your kill. Sigmund completely misses you.
Sigmund hits you with a +0 scythe.
* * * LOW HITPOINT WARNING * * *
You sock Sigmund!
Sigmund is moderately wounded.
Sigmund mumbles some strange words.
Sigmund flickers and vanishes!
Deactivating autopickup; reactivate with Ctrl-A.
Something hits you!
You die...

####.####.####.##....#
##.....##.....#.##....#
#................####.###
.................####....
.....................###.
..........)......###.## #
.........{.......# #..###
........†.......## ##...#
...!....@.......# ##..#
#........<.....## #...
##.....##.......<#####...
###..# #..............#.
#.# #####..##........ #.
.###.##.#.#. # . .
#....÷# #...##...
..###..#.


There were no monsters in sight!

Vanquished Creatures
  Natasha (thrice) (D:2)
  5 adders (D:2)
  A gnoll (D:1)
  A worm (D:2)
  2 dart slugs
  2 leopard geckos (D:2)
  2 giant cockroaches (D:1)
  2 goblins (D:1)
  4 hobgoblins
  7 bats
  4 frilled lizards
  4 kobolds
  3 rats (D:1)
  A bush (D:1)
  A plant (D:1)
42 creatures vanquished.

Notes
Turn   | Place    | Note
-------+----------+-------------------------------------------
     0 | D:1      | whitewolfNL the Minotaur Berserker began the quest for the
                  | Orb.
     0 | D:1      | Reached XP level 1. HP: 19/19 MP: 0/0
    46 | D:1      | Reached XP level 2. HP: 27/27 MP: 1/1
   116 | D:1      | Reached skill level 1 in Throwing
   273 | D:1      | Reached skill level 1 in Stealth
   376 | D:1      | Reached XP level 3. HP: 33/33 MP: 2/2
   880 | D:2      | Reached ** piety under Trog
   899 | D:2      | Noticed Natasha
   907 | D:2      | Killed Natasha
   907 | D:2      | Reached XP level 4. HP: 40/40 MP: 3/3
   918 | D:2      | Noticed Natasha
   922 | D:2      | Killed Natasha
   999 | D:2      | Noticed Natasha
  1014 | D:2      | Killed Natasha
  1044 | D:2      | Reached XP level 5. HP: 26/47 MP: 4/4
  1068 | D:2      | Noticed Sigmund
  1093 | D:2      | Slain by Sigmund

Skill      XL: |  1  2  3  4 |
---------------+-------------+-----
Throwing       | 1 |  1.0
Stealth        | 1 |  1.0
Fighting       | 4 |  4.7
Maces & Flails | 4 |  4.6
Armour         | 3 |  3.6
Dodging        | 3 |  3.3

Action                   |  1- 3 |  4- 6 || total
-------------------------+-------+-------++-------
Melee: Mace              |   136 |    34 ||   170
       Headbutt          |    44 |     2 ||    46
Invok: Berserk           |       |     1 ||     1
  Eat: Chunk             |       |     1 ||     1
Armor: Animal skin       |     1 |       ||     1
       Ring mail         |    15 |     3 ||    18
       Scale mail        |       |    16 ||    16
Dodge: Dodged            |    43 |    35 ||    78
